 Dungeon Crawl Stone Soup version 0.24-a0-581-gc0fa6600bf (webtiles) character file.

Game seed: 16301149589616670493

206 Eightlegvermin the Cutter (level 6, 0/34 HPs)
             Began as a Kobold Arcane Marksman on Aug 23, 2019.
             Was an Initiate of Yredelemnul.
             Slain by a hound (3 damage)
             ... on level 4 of the Dungeon.
             The game lasted 00:30:26 (4961 turns).

Eightlegvermin the Cutter (Kobold Arcane Marksman)  Turns: 4961, Time: 00:30:26

Health: 0/34       AC:  3    Str:  7    XL:     6   Next: 10%
Magic:  7/7        EV: 14    Int: 14    God:    Yredelemnul [......]
Gold:   146        SH:  0    Dex: 18    Spells: 4/7 levels left

rFire    . . .     SeeInvis .   a - +1 hand crossbow
rCold    . . .     Gourm    .   (shield restricted)
rNeg     . . .     Faith    .   g - +0 leather armour
rPois    .         Spirit   .   (no helmet)
rElec    .         Reflect  .   (no cloak)
rCorr    .         Harm     .   (no gloves)
MR       .....                  (no boots)
Stlth    +++.......             (no amulet)
HPRegen  0.11/turn              (no ring)
MPRegen  0.10/turn              (no ring)

@: no status effects
A: small, carnivore
a: Renounce Religion


You were on level 4 of the Dungeon.
You worshipped Yredelemnul.
Yredelemnul was noncommittal.
You were completely stuffed.

You visited 1 branch of the dungeon, and saw 4 of its levels.

You collected 146 gold pieces.

Inventory:

Hand Weapons
 a - a +1 hand crossbow (weapon)
 n - a +0 dagger of draining
Missiles
 d - 27 bolts (quivered)
 i - 26 arrows
 w - a throwing net
Armour
 e - a +0 robe
 g - a +0 leather armour (worn)
Jewellery
 x - a cursed ring of attention
Wands
 l - a wand of iceblast (9)
 z - a wand of flame (22)
Scrolls
 b - 2 scrolls of identify
 c - 2 scrolls of magic mapping
 h - a scroll of immolation {unknown}
 j - 5 scrolls of amnesia {unknown}
 k - 5 scrolls of teleportation {unknown}
 m - a scroll of noise {unknown}
 p - a scroll of remove curse {unknown}
 q - a scroll of random uselessness {unknown}
 y - a scroll of enchant armour {unknown}
 B - a scroll of fear {unknown}
 D - a scroll of blinking {unknown}
Potions
 o - 3 potions of heal wounds {unknown}
 r - 2 potions of magic {unknown}
 s - a potion of berserk rage {unknown}
 t - a potion of cancellation {unknown}
 u - a potion of degeneration {unknown}
 v - 2 potions of ambrosia {unknown}
 A - a potion of haste {unknown}
Comestibles
 f - 9 rations
 C - 3 chunks of flesh


   Skills:
 - Level 1.1 Fighting
 - Level 5.2 Short Blades
 + Level 3.4 Crossbows
 - Level 2.4 Dodging
 - Level 4.0 Stealth
 - Level 1.1 Spellcasting
 - Level 3.0 Hexes


You had 4 spell levels left.
You knew the following spells:

 Your Spells              Type           Power        Failure   Level  Hunger
a - Corona                Hex            #......      12%         1    ##.....
b - Slow                  Hex            #.......     17%         2    ###....

Your spell library contained the following spells:

 Spells                   Type           Power        Failure   Level  Hunger
 Inner Flame              Hex/Fire       #.......     54%         3    ####...
 Portal Projectile        Hex/Tloc       #.....       54%         3    ####...
 Cause Fear               Hex            #.........   75%         4    #####..
 Leda's Liquefaction      Hex/Erth       #.........   91%         4    #####..


Dungeon Overview and Level Annotations

Branches:
Dungeon (4/15)
 Temple: D:4-7

Altars:
Ashenzari
Dithmenos
Gozag
Hepliaklqana
Qazlal
Vehumet
Wu Jian
Yredelemnul
Zin

Shops:
D:2 *

Annotations:
D:4 exclusion: statue, Pikel


Innate Abilities, Weirdness & Mutations

You are small and have problems with some larger weapons.
You are carnivorous and can eat meat at any time.


Message History

You see here a leopard gecko skeleton.
Found a scroll labeled HANAAKINIA.
Found a scroll of identify.
A hound comes into view.
The hound barks!
Found a quarterstaff.
Pikel hits you with a +0 whip of freezing!
* * * LOW HITPOINT WARNING * * *
Pikel freezes you.
* * * LOW HITPOINT WARNING * * *
The hound misses you.
You see here a quarterstaff.
The hound bites you but does no damage. The hound bites you.
* * * LOW HITPOINT WARNING * * *
The hound bites you.
* * * LOW HITPOINT WARNING * * *
The hound bites you.
You die...
Your body rises from the dead as a mindless zombie.

#)#........... .
#.#.p......... .
#.#.....>......
#.#............###
#p#.....#.........
#.#.....#.........
#K#.....# ........
#h#.....# ........
#@#.....# #####
#÷#.....##
#.<......#
#####..#.# #...##
#≈≈≈# #≈≈≈# ...
#≈≈≈# #..# #≈≈≈#
...


You could see Pikel, a slave and a hound.

Vanquished Creatures
  A hound (D:3)
  Ijyb (D:3)
  4 adders
  2 gnolls (D:1)
  5 worms
  2 dart slugs
  6 leopard geckos
  An orc (D:3)
  8 bats
  8 giant cockroaches
  6 goblins
  9 hobgoblins
  6 kobolds
  A quokka (D:2)
  6 frilled lizards
  8 rats
74 creatures vanquished.

Notes
Turn   | Place    | Note
-------+----------+-------------------------------------------
     0 | D:1      | Eightlegvermin the Kobold Arcane Marksman began the quest
                  | for the Orb.
     0 | D:1      | Reached XP level 1. HP: 12/12 MP: 2/2
   233 | D:1      | Reached skill level 1 in Stealth
   241 | D:1      | Reached skill level 1 in Short Blades
   246 | D:1      | Reached XP level 2. HP: 16/16 MP: 1/3
   514 | D:1      | Reached skill level 2 in Short Blades
   527 | D:1      | Reached XP level 3. HP: 15/20 MP: 2/4
  1750 | D:2      | Learned a level 2 spell: Slow
  2031 | D:2      | Reached XP level 4. HP: 18/25 MP: 3/5
  2505 | D:2      | Reached skill level 3 in Short Blades
  2848 | D:2      | Found an opulent altar of Gozag.
  2862 | D:2      | Found Gozag's Platinum Reserve.
  2988 | D:2      | Reached skill level 4 in Short Blades
  2988 | D:2      | Reached XP level 5. HP: 29/29 MP: 6/6
  3302 | D:3      | Noticed Ijyb
  3317 | D:3      | Paralysed by Ijyb for 5 turns
  3325 | D:3      | Paralysed by Ijyb for 2 turns
  3345 | D:3      | Killed Ijyb
  3593 | D:3      | Found a glowing silver altar of Zin.
  3594 | D:3      | Found a stormy altar of Qazlal.
  3594 | D:3      | Found a shadowy altar of Dithmenos.
  3594 | D:3      | Found a basalt altar of Yredelemnul.
  3599 | D:3      | Found a hazy altar of Hepliaklqana.
  3603 | D:3      | Became a worshipper of Yredelemnul the Dark
  3656 | D:3      | Reached skill level 5 in Short Blades
  3656 | D:3      | Reached XP level 6. HP: 22/34 MP: 4/7
  3885 | D:3      | Found an ornate altar of the Wu Jian Council.
  4091 | D:4      | Found a radiant altar of Vehumet.
  4388 | D:4      | Noticed a slave
  4389 | D:4      | Noticed Pikel
  4389 | D:4      | Noticed a slave
  4389 | D:4      | Noticed a slave
  4389 | D:4      | Noticed a slave
  4790 | D:4      | Found a glowing drain.
  4886 | D:4      | Found a shattered altar of Ashenzari.
  4961 | D:4      | Slain by a hound

Levels and vault maps discovered:
D:1:      dpeg_arrival_orchard, layout_loops_cross, serial_forest,
          infiniplex_forest_end_3, infiniplex_forest_clump_small,
          infiniplex_forest_end_2, infiniplex_forest_side_room,
          infiniplex_forest_straight_3, infiniplex_forest_diagonal,
          infiniplex_forest_zigzag_2, infiniplex_forest_side_room, fountainhead,
          lemuel_old_faithful
D:2:      minmay_razor_zed, layout_rooms, first_ration,
          nicolae_gozag_zags_fifth_avenue
D:3:      layout_loops_ring, lemuel_doored_altar, minitemple, uniq_ijyb
D:4:      layout_basic, overflow_temple_1_default, vehumet_statue,
          gammafunk_temple_overflow_statue, portal_sewer_entry_f,
          minmay_misc_feat_cross, uniq_pikel

Skill      XL: |  1  2  3  4  5 |
---------------+----------------+-----
Stealth        | 1 2 3 4 |  4.0
Short Blades   | 1 2 4 5 |  5.2
Crossbows      | 3 |  3.4
Fighting       | |  1.1
Dodging        | |  2.4
Spellcasting   | |  1.1
Hexes          | |  3.0

Action                   |  1- 3 |  4- 6 || total
-------------------------+-------+-------++-------
Melee: Dagger            |    64 |   168 ||   232
 Fire: Hand crossbow     |    25 |    19 ||    44
 Cast: Corona            |    22 |    39 ||    61
       Slow              |       |     1 ||     1
  Use: Scroll            |     3 |     1 ||     4
 Stab: Sleeping          |       |    11 ||    11
  Eat: Chunk             |    12 |    11 ||    23
Armor: Leather armour    |    16 |    29 ||    45
Dodge: Dodged            |    82 |   115 ||   197

Table legend:
 A = Non-vault XP
 B = Vault XP
 C = Vault XP percentage of total XP
 D = Non-vault monster count
 E = Vault monster count
 F = Vault count percentage of total count
                 A         B        C        D         E       F
            +---------+---------+-------+---------+---------+-------
      Total |     197 |      98 |  33.2 |      56 |      18 |  24.3
            +---------+---------+-------+---------+---------+-------
        D:1 |      54 |       0 |   0.0 |      18 |       0 |   0.0
        D:2 |      49 |      50 |  50.5 |      19 |      12 |  38.7
        D:3 |      87 |      36 |  29.3 |      17 |       1 |   5.6
        D:4 |       7 |      12 |  63.2 |       2 |       5 |  71.4
            +---------+---------+-------+---------+---------+-------
